 Dungeon Crawl Stone Soup version 0.30-a0-824-g6c64550be9 (webtiles) character file.

Game seed: 6474282951314667668

70 Pimp the Trooper (level 4, 0/40 HPs)
             Began as a Hill Orc Fighter on Feb 27, 2023.
             Slain by an ogre
             ... wielding a +0 giant club
              (11 damage)
             ... on level 2 of the Dungeon.
             The game lasted 00:01:56 (1200 turns).

Pimp the Trooper (Hill Orc Fighter)                 Turns: 1200, Time: 00:01:56

Health: 0/40       AC:  7    Str: 17 (20) XL:     4   Next: 22%
Magic:  4/4        EV:  9    Int:  7 (8)  God:
Gold:   22         SH:  4    Dex:  8 (10) Spells: 3/3 levels left

rFire   . . .      SeeInvis .    a - +0 war axe
rCold   . . .      Faith    .    c - +0 buckler
rNeg    . . .      Spirit   .    b - +0 scale mail
rPois   .          Reflect  .    (no helmet)
rElec   .          Harm     .    (no cloak)
rCorr   .          Rampage  .    (no gloves)
Will    .....                    (no boots) Stlth
                                 (no amulet)
HPRegen 0.26/turn                (no ring)
MPRegen 0.09/turn                (no ring)

@: mighty
A: no striking features
a: no special abilities


You were on level 2 of the Dungeon.
You visited 1 branch of the dungeon, and saw 2 of its levels.

You collected 22 gold pieces.

Inventory:

Hand Weapons
 a - a +0 war axe (weapon)
Armour
 b - a +0 scale mail (worn)
 c - a +0 buckler (worn)
Jewellery
 f - a ring of fire
Scrolls
 e - a scroll of torment {unknown}
 i - a scroll of teleportation {unknown}
 k - a scroll of identify {unknown}
Potions
 g - a potion of heal wounds {unknown}
 j - 2 potions of attraction {unknown}


   Skills:
 + Level 4.3 Fighting
 + Level 3.7 Axes
 + Level 3.9 Armour
 + Level 3.9 Shields


You had 3 spell levels left.
You didn't know any spells.
Your spell library contained the following spells:

 Spells                   Type           Power      Damage    Failure   Level
 Ensorcelled Hibernation  Hex/Ice        0%         N/A       96%         2
 Passwall                 Tmut/Erth      0%         N/A       96%         2
 Swiftness                Air            0%         N/A       99%         3


Dungeon Overview and Level Annotations

Branches:
Dungeon (2/15)

Altars:

Shops:
D:1 [


Message History

The adder is heavily wounded.
The adder completely misses you. The adder misses you.
You barely miss the adder.
The adder is heavily wounded.
The adder bites you but does no damage.
You hit the adder.
The adder is severely wounded.
The adder bites you but does no damage. The adder closely misses you.
You slash the adder!
You kill the adder!
You open the door.
k - a scroll labelled QAILEJIOFO You see here an adder corpse.
You open the door.
An ogre comes into view. It is wielding a +0 giant club.
The ogre shouts!
Found 6 javelins.
There is an open door here.
It was a potion of degeneration.
There was something very wrong with that liquid.
You feel weakened.
You feel dopey.
You feel clumsy.
You feel very mighty all of a sudden.
The ogre hits you with a +0 giant club!!
Ouch! That really hurt!
You hit the ogre.
The ogre is lightly wounded.
The ogre hits you with a +0 giant club!
* * * LOW HITPOINT WARNING * * *
You barely miss the ogre.
The ogre is lightly wounded.
The ogre closely misses you.
You slash the ogre!
The ogre is heavily wounded.
You closely miss the ogre.
The ogre is heavily wounded.
The ogre closely misses you.
You barely miss the ogre.
The ogre is heavily wounded.
The ogre hits you with a +0 giant club!
You die...

#..##.##.##.##.##.## .+
#.##...###...###...## #
#.#.....#.....#.....# #
#['.....'..♣..'.....+ #
###.....#.....#.....# #
##...###...###...## ...
.+ ##.##(##.##.##.##
##...#..
#+#...###...#'#...##..+##
+.....O@...†'.....+.....
##...###...###...##.....
##. ##.## #.##..##.. #
### ###..#... #.#......
+........ ###....>.
###...# #..<#


You could see an ogre.

Vanquished Creatures
  3 adders (D:2)
  2 worms (D:2)
  2 dart slugs
  2 endoplasms (D:1)
  A giant cockroach (D:1)
  4 goblins
  2 hobgoblins
  6 jackals (D:1)
  4 ball pythons
  A bat (D:1)
  2 frilled lizards
  3 kobolds (D:1)
  A rat (D:2)
33 creatures vanquished.

Vanquished Creatures (others)
  2 plants (D:2)
2 creatures vanquished.

Grand Total: 35 creatures vanquished

Notes
Turn   | Place    | Note
-------+----------+-------------------------------------------
     0 | D:1      | Pimp the Hill Orc Fighter began the quest for the Orb.
     0 | D:1      | Reached XP level 1. HP: 19/19 MP: 1/1
   162 | D:1      | Reached XP level 2. HP: 23/27 MP: 2/2
   354 | D:1      | Reached skill level 4 in Fighting
   410 | D:1      | Reached XP level 3. HP: 30/33 MP: 3/3
   595 | D:1      | Found Wagh's Antique Armour Shoppe.
   991 | D:2      | Reached XP level 4. HP: 26/40 MP: 4/4
  1191 | D:2      | Noticed an ogre
  1200 | D:2      | Slain by an ogre

Illustrated notes

Levels and vault maps discovered:
D:1:      saegor_arrival_under_anarchy, layout_loops_ring, serial_shops, shop
D:2:      layout_loops_cross, basic_altar, nicolae_hexahallways,
          serial_bayou_pond_b, minivault_11, minmay_surrounded

Skill      XL: |  1  2 |
---------------+-------+-----
Axes           | 3 |  3.7
Fighting       | 4 |  4.3
Armour         | |  3.9
Shields        | |  3.9

Action                     |  1- 3 |  4- 6 || total
---------------------------+-------+-------++-------
  Melee: War axe           |    73 |    21 ||    94
    Use: Potion            |       |     2 ||     2
 Armour: Scale mail        |    44 |     7 ||    51
  Dodge: Dodged            |    44 |     9 ||    53
  Block: Buckler           |    15 |     4 ||    19

Table legend: (Time is in decaauts)
 A = Elapsed time spent in this place.
 B = Non-inter-level travel time spent in this place.
 C = Inter-level travel time spent in this place.
 D = Time resting spent in this place.
 E = Time spent auto-exploring this place.
 F = Levels seen in this place.
 G = Mean time per level.
                   A        B        C        D        E       F      G
               +--------+--------+--------+--------+--------+-----+--------+
         Total |   1236 |   1211 |     25 |     14 |    929 |   2 |  618.0 |
       Dungeon |   1236 |   1211 |     25 |     14 |    929 |   2 |  618.0 |
               +--------+--------+--------+--------+--------+-----+--------+

Top non-repeatable levels by time:
     D:1: 821 daAuts
     D:2: 414 daAuts
